 Dungeon Crawl Stone Soup version 0.18.1-48-g4cf74bf (webtiles) character file.

1289 setisgood the Cudgeler (level 8, -12/78 HPs)
             Began as a Troll Monk on Aug 17, 2016.
             Was a Believer of Okawaru.
             Mangled by a kobold
             ... wielding a +1 dagger of electrocution
              (17 damage)
             ... on level 6 of the Dungeon.
             The game lasted 00:25:00 (4929 turns).

setisgood the Cudgeler (Troll Monk)                 Turns: 4929, Time: 00:25:01

Health: -12/78     AC:  6    Str: 20    XL:     8   Next: 30%
Magic:  8/8        EV: 14    Int:  8    God:    Okawaru [**....]
Gold:   235        SH:  0    Dex: 12    Spells: 0 memorised, 7 levels left

rFire  . . .     SeeInvis .     p - +0 giant club
rCold  + . .     Gourm    +     a - +0 robe
rNeg   . . .     Faith    .     (shield currently unavailable)
rPois  .         Spirit   .     (helmet restricted)
rElec  .         Dismiss  .     r - +0 cloak
rCorr  .         Reflect  .     (gloves unavailable)
SustAt .         Harm     .     (boots unavailable)
MR     .....                    g - amulet of magic regeneration
Stlth  ++........               l - ring of protection from cold
                                k - ring of wizardry

@: heroism, not resistant to hostile enchantments, unstealthy
A: unfitting armour, claws 3, fast metabolism 3, gourmand, regeneration 2,
shaggy fur 1, tough skin 2
a: Heroism, Renounce Religion


You were on level 6 of the Dungeon.
You worshipped Okawaru.
Okawaru was pleased with you.
You were full.

You visited 2 branches of the dungeon, and saw 7 of its levels.

You collected 235 gold pieces.

Inventory:

Hand Weapons
 h - a +0 club
 p - a +0 giant club (weapon)
Armour
 a - a +0 robe (worn)
 r - a +0 cloak (worn)
 v - a +2 large shield
Jewellery
 g - an amulet of magic regeneration (around neck)
 k - a ring of wizardry (left claw)
 l - a ring of protection from cold (right claw)
Scrolls
 d - a scroll of recharging
 m - a scroll of identify
 q - 4 scrolls of teleportation
 s - a scroll of fog
 t - a scroll of enchant weapon {unknown}
 u - a scroll of blinking
 w - a scroll of remove curse
 x - a scroll of amnesia
Potions
 f - 2 potions of cancellation
 i - 3 potions of lignification
 o - 3 potions of magic
Comestibles
 b - 4 bread rations
 c - 8 fruits
 j - 3 meat rations
 n - 4 beef jerkies


   Skills:
 - Level 3.9(8.9) Fighting
 * Level 5.7(10.7) Maces & Flails
 + Level 4.7(9.7) Dodging
 - Level 1.1(6.1) Stealth
 - Level 5.5(10.5) Unarmed Combat
 + Level 2.0 Invocations


You had 7 spell levels left.
You didn't know any spells.

Dungeon Overview and Level Annotations

Branches:
Dungeon (6/15)             Temple (1/1) D:4

Altars:
Ashenzari
Cheibriados
Dithmenos
Elyvilon
Fedhas
Gozag
Kikubaaqudgha
Makhleb
Nemelex Xobeh
Okawaru
Pakellas
Qazlal
Ru
Sif Muna
Trog
Xom
Yredelemnul
Zin
The Shining One


Innate Abilities, Weirdness & Mutations

You are too large for most types of armour.
You have claws for hands.
Your metabolism is lightning-fast.
You like to eat raw meat.
You heal very quickly.
You are covered in fur (AC +1).
You have very tough skin (AC +2).


Message History

The kobold hits you with an uncursed short sword.
The big kobold hits you with a dagger. The kobold hits you but does no damage.
You thump the big kobold!
You kill the big kobold!
Okawaru accepts your kill.
Your Invocations skill increases to level 2!
The kobold hits you but does no damage.
You are electrocuted!
* * * LOW HITPOINT WARNING * * *
You closely miss the kobold. The kobold hits you but does no damage.
The kobold completely misses you.
The kobold hits you with a dagger of electrocution.
* * * LOW HITPOINT WARNING * * *
You hit the kobold but do no damage.
You feel sick.
You are no longer poisoned.
The kobold barely misses you. x2; The kobold closely misses you.
The kobold hits you with an uncursed short sword.
* * * LOW HITPOINT WARNING * * *
You closely miss the kobold. The kobold misses you.
The kobold hits you but does no damage.
You are electrocuted!
You die...

#..#.###...###...#####..#
#.....#.....#..........<#
#.....'.....#...........#
#.....#.....#...........#
#...####....###.##.####.##
### ##...## ###### ###
#....# #....# ###K@# #KK#
#....K.§§§ #..##..... #..#
.... #..# ≈.. #.## ♣♣ #.#
...


You could see 3 kobolds.

Vanquished Creatures
  Grinder (D:5)
  An ice beast (D:5)
  An ogre (D:4)
  A big kobold (D:6)
  Blork the orc (D:5)
  A giant frog (D:5)
  A scorpion (D:5)
  A crimson imp (D:5)
  2 hounds (D:4)
  A gnoll shaman (D:5)
  2 orc priests
  3 orc wizards
  Natasha (thrice) (D:4)
  6 worker ants
  5 gnolls (D:5)
  2 adders
  A shadow imp (D:5)
  2 oozes
  2 adder skeletons (D:4)
  A worm (D:3)
  3 dart slugs
  2 giant geckos
  8 orcs
  A ball python (D:5)
  4 giant cockroaches
  9 goblins
  8 hobgoblins
  9 jackals
  4 quokkas
  11 bats
  A giant gecko zombie (D:5)
  4 giant newts
  3 kobolds
  6 rats
111 creatures vanquished.

Vanquished Creatures (others)
  An orc wizard (D:4)
1 creature vanquished.

Grand Total: 112 creatures vanquished

Notes
Turn   | Place    | Note
--------------------------------------------------------------
     0 | D:1      | setisgood the Troll Monk began the quest for the Orb.
     0 | D:1      | Reached XP level 1. HP: 22/22 MP: 0/0
    90 | D:1      | Reached XP level 2. HP: 29/29 MP: 1/1
   379 | D:1      | Reached XP level 3. HP: 36/36 MP: 2/2
   765 | D:2      | Found a white marble altar of Elyvilon.
  1000 | D:2      | Reached skill level 1 in Maces & Flails
  1611 | D:3      | Reached XP level 4. HP: 39/44 MP: 3/3
  2130 | D:4      | Found a shimmering altar of Xom.
  2145 | D:4      | Reached skill level 5 in Unarmed Combat
  2230 | D:4      | Found a staircase to the Ecumenical Temple.
  2271 | D:4      | Noticed an ogre
  2282 | D:4      | Killed an ogre
  2282 | D:4      | Reached XP level 5. HP: 38/50 MP: 4/4
  2345 | Temple   | Entered the Ecumenical Temple
  2680 | D:4      | Found a snail-covered altar of Cheibriados.
  2699 | D:4      | Reached XP level 6. HP: 54/59 MP: 5/5
  2848 | D:4      | Found a shattered altar of Ashenzari.
  2848 | D:4      | Noticed Natasha
  3043 | D:4      | Found a shimmering altar of Xom.
  3155 | D:4      | Killed Natasha
  3167 | D:4      | Noticed Natasha
  3181 | D:4      | Killed Natasha
  3275 | D:4      | Noticed Natasha
  3285 | D:4      | Killed Natasha
  3398 | D:5      | Entered Level 5 of the Dungeon
  3458 | D:5      | Reached XP level 7. HP: 62/67 MP: 6/6
  3543 | D:5      | Noticed Blork the orc
  3765 | D:5      | Killed Blork the orc
  4049 | D:5      | Found a sacrificial altar of Ru.
  4079 | D:5      | Found an iron altar of Okawaru.
  4124 | D:5      | Became a worshipper of Warmaster Okawaru
  4124 | D:5      | Reached * piety under Okawaru
  4124 | D:5      | Reached ** piety under Okawaru
  4254 | D:5      | Reached skill level 1 in Invocations
  4373 | D:5      | Noticed Grinder
  4387 | D:5      | Paralysed by Grinder for 4 turns
  4396 | D:5      | Killed Grinder
  4396 | D:5      | Reached skill level 5 in Maces & Flails
  4396 | D:5      | Reached XP level 8. HP: 43/78 MP: 6/8
  4929 | D:6      | Mangled by a kobold

Skill      XL: |  1  2  3  4  5  6  7  8 |
---------------+-------------------------+-----
Maces & Flails | 1 2 3 5 |  5.7
Dodging        | 3 4 |  4.7
Unarmed Combat | 5 |  5.5
Fighting       | 3 |  3.9
Invocations    | 1 2 |  2.0
Stealth        | |  1.1

Action                   |  1- 3 |  4- 6 |  7- 9 || total
-------------------------+-------+-------+-------++-------
Melee: Unarmed           |    89 |    75 |       ||   164
       Punch             |     2 |     3 |       ||     5
       Giant club        |       |   120 |   109 ||   229
Invok: Heroism           |       |       |     1 ||     1
  Use: Scroll            |       |     8 |       ||     8
       Potion            |       |     8 |     1 ||     9
 Stab: Sleeping          |     3 |     2 |       ||     5
       Distracted        |     1 |       |       ||     1
  Eat: Chunk             |    18 |    18 |    12 ||    48
Armor: Robe              |    39 |    75 |    39 ||   153
       Skin              |       |     5 |       ||     5
Dodge: Dodged            |    50 |   112 |    77 ||   239
